 Dungeon Crawl Stone Soup version 0.28-a0-723-g095bd1b44f (webtiles) character file.

Game seed: 7314803082697745379

70 Ijustatesigmund the Covert (level 4, -17/41 HPs)
             Began as a Gnoll Delver on Oct 26, 2021.
             Demolished by an ogre (25 damage)
             ... on level 4 of the Dungeon.
             The game lasted 00:03:18 (1130 turns).

Ijustatesigmund the Covert (Gnoll Delver)           Turns: 1130, Time: 00:03:18

Health: -17/41     AC:  8    Str: 12    XL:     4   Next: 21%
Magic:  5/5        EV:  6    Int: 10    God:
Gold:   57         SH:  0    Dex: 13    Spells: 5/5 levels left

rFire   . . .      SeeInvis .   a - +0 hand axe
rCold   . . .      Faith    .   (no shield)
rNeg    . . .      Spirit   .   b - +0 chain mail
rPois   .          Reflect  .   (no helmet)
rElec   .          Harm     .   (no cloak)
rCorr   .          Rampage  .   (no gloves)
Will    .....                   (no boots)
Stlth   +.........              (no amulet)
HPRegen 0.13/turn               (no ring)
MPRegen 0.09/turn               (no ring)

@: hasted, very quick
A: fangs 1, strong nose, distributed training
a: no special abilities


You were on level 4 of the Dungeon.
You visited 2 branches of the dungeon, and saw 3 of its levels.

You collected 57 gold pieces.

Inventory:

Hand Weapons
 a - a +0 hand axe (weapon)
Armour
 b - a +0 chain mail (worn)
Wands
 g - a wand of digging (3)
Scrolls
 c - a scroll of fog
 d - 2 scrolls of magic mapping
 e - a scroll of fear
Potions
 f - a potion of haste
 h - a potion of heal wounds {unknown}


   Skills:
 + Level 6.6 Fighting
 + Level 1.0 Short Blades
 + Level 1.0 Long Blades
 + Level 4.6 Axes
 + Level 1.0 Maces & Flails
 + Level 1.0 Polearms
 + Level 1.0 Staves
 + Level 1.0 Slings
 + Level 1.0 Bows
 + Level 1.0 Crossbows
 + Level 1.0 Throwing
 + Level 1.0 Armour
 + Level 4.6 Dodging
 + Level 9.6 Stealth
 + Level 1.0 Shields
 + Level 1.0 Unarmed Combat
 + Level 1.0 Spellcasting
 + Level 0.8 Conjurations
 + Level 0.8 Hexes
 + Level 0.8 Summonings
 + Level 0.8 Necromancy
 + Level 0.8 Translocations
 + Level 0.8 Transmutations
 + Level 0.8 Fire Magic
 + Level 0.8 Ice Magic
 + Level 0.8 Air Magic
 + Level 0.8 Earth Magic
 + Level 0.8 Poison Magic
 + Level 1.1 Invocations
 + Level 1.0 Evocations


You had 5 spell levels left.
You didn't know any spells.
Your spell library was empty.

Dungeon Overview and Level Annotations

Branches:
Dungeon (5/15)             Temple (1/1) D:5

Altars:
Ashenzari
Cheibriados
Dithmenos
Elyvilon
Fedhas
Gozag
Hepliaklqana
Makhleb
Nemelex Xobeh
Okawaru
Qazlal
Ru
Sif Muna
Trog
Vehumet
Xom
Yredelemnul
Zin

Shops:
D:4 [   D:5 (

Annotations:
D:5 Eustachio


Innate Abilities, Weirdness & Mutations

You have very sharp teeth.
Your uncanny sense of smell can sniff out nearby items.
Your experience applies equally to all skills.


Message History

The ogre is poisoned.
The ogre is moderately wounded.
Throw: 5 darts (poison)
Press: ? - help, Q - select action Shift-Dir - straight line, f/p - ogre
Aim: an ogre, wielding a +0 giant club (moderately wounded, poisoned, 73% to hit)
You throw a poisoned dart. The poisoned dart hits the ogre.
The ogre looks even sicker.
The ogre is moderately wounded.
Throw: 4 darts (poison)
Press: ? - help, Q - select action Shift-Dir - straight line, f/p - ogre
Aim: an ogre, wielding a +0 giant club (moderately wounded, very poisoned, 74% to hit)
You throw a poisoned dart. The poisoned dart hits the ogre.
The ogre looks even sicker.
The ogre is moderately wounded.
Throw: 3 darts (poison)
Press: ? - help, Q - select action Shift-Dir - straight line, f/p - ogre
Aim: an ogre, wielding a +0 giant club (moderately wounded, very poisoned, 74% to hit)
You throw a poisoned dart.
The poisoned dart completely misses the ogre.
Throw: 2 darts (poison)
Press: ? - help, Q - select action Shift-Dir - straight line, f/p - ogre
Aim: an ogre, wielding a +0 giant club (moderately wounded, very poisoned, 75% to hit)
You throw a poisoned dart. The poisoned dart hits the ogre.
The ogre looks even sicker.
The ogre is moderately wounded.
Throw: dart (poison)
Press: ? - help, Q - select action Shift-Dir - straight line, f/p - ogre
Aim: an ogre, wielding a +0 giant club (moderately wounded, very poisoned, 73% to hit)
You throw a poisoned dart. The poisoned dart hits the ogre.
The ogre looks as sick as possible!
The ogre is moderately wounded.
The ogre hits you with a +0 giant club!
* * * LOW HITPOINT WARNING * * *
You hit the ogre.
The ogre is almost dead.
You hit the ogre. Your bite misses the ogre.
The ogre is almost dead.
The ogre hits you with a +0 giant club!!
Ouch! That really hurt!
You die...

#.## ##.###.##.#########...##.#
.#######.##.##................#
.#
#..(..K.O.(.###########.######
.###.###.###.#K# #.......
#.##.##.## #.#.# ########
##.#.#.# #.#O# ##(.K# #.#.#
##.## #.#.########### #.#
#.#KO@......... #K#
#.############. #(# #.# #.# #.#
... ∆ ..# ###


You could see an ogre (very poisoned) and a kobold.

Vanquished Creatures
  A hound (D:4)
  A bullfrog skeleton (D:4)
  An adder (D:4)
  A ball python (D:4)
  2 goblins (D:4)
6 creatures vanquished.

Notes
Turn   | Place    | Note
-------+----------+-------------------------------------------
     0 | D:5      | Reached skill level 9 in Stealth
     0 | D:5      | Ijustatesigmund the Gnoll Delver began the quest for the
                  | Orb.
     0 | D:5      | Reached XP level 1. HP: 23/23 MP: 1/1
    14 | D:5      | Found Tecossicw's Weapon Shoppe.
    41 | D:5      | Noticed Eustachio
   189 | D:5      | Found a staircase to the Ecumenical Temple.
   195 | Temple   | Entered the Ecumenical Temple
   441 | D:4      | Reached XP level 2. HP: 9/29 MP: 2/2
   703 | D:4      | Reached XP level 3. HP: 18/35 MP: 2/4
   878 | D:4      | Found Anuzuvoj's Armour Shop.
   885 | D:4      | Reached skill level 1 in Invocations
   929 | D:4      | Reached skill level 1 in Short Blades
   929 | D:4      | Reached skill level 1 in Long Blades
   929 | D:4      | Reached skill level 1 in Maces & Flails
   929 | D:4      | Reached skill level 1 in Polearms
   929 | D:4      | Reached skill level 1 in Staves
   929 | D:4      | Reached skill level 1 in Slings
   929 | D:4      | Reached skill level 1 in Bows
   929 | D:4      | Reached skill level 1 in Crossbows
   929 | D:4      | Reached skill level 1 in Throwing
   929 | D:4      | Reached skill level 1 in Armour
   929 | D:4      | Reached skill level 1 in Shields
   929 | D:4      | Reached skill level 1 in Unarmed Combat
   929 | D:4      | Reached skill level 1 in Spellcasting
   929 | D:4      | Reached skill level 1 in Evocations
   929 | D:4      | Reached XP level 4. HP: 37/41 MP: 5/5
  1086 | D:4      | Noticed an ogre
  1130 | D:4      | Demolished by an ogre

Illustrated notes

Levels and vault maps discovered:
D:4:      layout_loops_ring, serial_shops, nicolae_diamond_shop
D:5:      layout_basic, minmay_temple_entry_hall, serial_shops, shop,
          kennysheep_mini, uniq_eustachio
Temple:   regret_index_temple_mists

Skill      XL: |  1  2  3 |
---------------+----------+-----
Stealth        | |  9.6
Invocations    | 1 |  1.1
Short Blades   | 1 |  1.0
Long Blades    | 1 |  1.0
Maces & Flails | 1 |  1.0
Polearms       | 1 |  1.0
Staves         | 1 |  1.0
Slings         | 1 |  1.0
Bows           | 1 |  1.0
Crossbows      | 1 |  1.0
Throwing       | 1 |  1.0
Armour         | 1 |  1.0
Shields        | 1 |  1.0
Unarmed Combat | 1 |  1.0
Spellcasting   | 1 |  1.0
Evocations     | 1 |  1.0
Fighting       | |  6.6
Axes           | |  4.6
Dodging        | |  4.6
Conjurations   | |  0.8
Hexes          | |  0.8
Summonings     | |  0.8
Necromancy     | |  0.8
Translocations | |  0.8
Transmutations | |  0.8
Fire Magic     | |  0.8
Ice Magic      | |  0.8
Air Magic      | |  0.8
Earth Magic    | |  0.8
Poison Magic   | |  0.8

Action                   |  1- 3 |  4- 6 || total
-------------------------+-------+-------++-------
Melee: Hand axe          |    33 |     9 ||    42
       Bite              |     5 |       ||     5
Throw: Dart              |     6 |     9 ||    15
  Use: Potion            |       |     1 ||     1
Armor: Chain mail        |    23 |     4 ||    27
Dodge: Dodged            |    10 |     2 ||    12

Table legend: (Time is in decaauts)
 A = Elapsed time spent in this place.
 B = Non-inter-level travel time spent in this place.
 C = Inter-level travel time spent in this place.
 D = Time resting spent in this place.
 E = Time spent auto-exploring this place.
 F = Levels seen in this place.
 G = Mean time per level.
                   A        B        C        D        E       F      G
               +--------+--------+--------+--------+--------+-----+--------+
         Total |   1169 |   1143 |     26 |    503 |    241 |   3 |  389.7 |
       Dungeon |    976 |    975 |      1 |    503 |     92 |   2 |  488.0 |
        Temple |    193 |    168 |     25 |      0 |    149 |   1 |  193.0 |
               +--------+--------+--------+--------+--------+-----+--------+

Top non-repeatable levels by time:
     D:4: 697 daAuts
     D:5: 278 daAuts
  Temple: 193 daAuts
